[Event "CIS Master Groups 2024"]
[Site "Vasto"]
[Date "2024.04.08"]
[Round "1.14"]
[White "Rombaldoni, Denis"]
[Black "Lodici, Lorenzo"]
[Result "1-0"]
[ECO "D00"]
[WhiteElo "2484"]
[BlackElo "2565"]
[Annotator "TA"]
[PlyCount "69"]
[EventDate "2024.04.07"]
[EventType "team-tourn"]
[EventCountry "ITA"]
[SourceTitle "playchess.com"]
[Source "ChessBase"]
[SourceQuality "1"]
[TimeControl "40/5400+30:900+30"]

1. d4 Nf6 2. Nc3 d5 3. Bf4 a6 4. e3 b5 5. h4 h6 6. Bd3 e6 7. Nce2 Nbd7 8. Nf3 {[%emt 0:01:00] The position is equal.} c5 9. c3 Bb7 10. h5 b4 11. Ne5 Qa5 12. Kf1 Be7 13. cxb4 Qxb4 14. a3 Qb6 15. Rh3 Bd6 16. Nc3 Qc7 17. Nxd7 Nxd7 ({Better is} 17... Qxd7 $11 18. dxc5 Bxc5) 18. Qg4 ({White should try} 18. Bxd6 $14 Qxd6 19. Qg4) 18... Ke7 (18... Bxf4 $11 19. exf4 Kf8) 19. Rf3 $16 {[%emt 0:03:12] Threatens to win with Bxd6+. White is much more active.} (19. Qxg7 $2 Bxf4 20. Bg6 Bg5 21. Qxf7+ Kd6 22. dxc5+ Nxc5 $19) 19... Rag8 20. Qh4+ Ke8 $2 {[%emt 0:00:39][%mdl 8192] [#] A mistake that costs the game.} (20... Nf6 $16) 21. Bxd6 $1 $18 Qxd6 {[%emt 0:00:02] [#]} 22. Rxf7 $3 {[%emt 0:00:21][%mdl 512] Bg6 is the strong threat.} g5 (22... Rf8 23. Rxg7) 23. hxg6 Rf8 24. dxc5 Qxc5 25. Qf4 Rhg8 26. Rxf8+ Rxf8 27. g7 Rxf4 28. g8=Q+ (28. g8=R+ $2 Rf8 29. Rxf8+ Kxf8 $19) 28... Rf8 29. Qxe6+ Kd8 30. Bf5 ({Weaker is} 30. Bxa6 Rf6 31. Qg8+ Rf8 $14) 30... Bc6 31. Rd1 d4 32. Bh3 {[%emt 0:01:44] White is clearly winning.} (32. exd4 Qxf5 33. Qxf5 Rxf5 $17) 32... Rf6 33. Qg8+ Rf8 34. Qg4 ({And not} 34. exd4 Qb5+ 35. Kg1 Rxg8 $17) 34... Qc4+ 35. Kg1 {[%emt 0:00:52] Weighted Error Value: White=0.45/Black=0.35.  Loses game:     	---       	Black=1      Mistake:       	White=1     	Black=2      Inaccurate:     	White=1     	Black=3      OK:         	White=12    	Black=6      Best:        	White=2     	Black=1      Strong:       	White=1     	---} 1-0

[Event "CIS Master Groups 2024"]
[Site "Vasto"]
[Date "2024.04.08"]
[Round "1.15"]
[White "Barp, Alberto"]
[Black "Garcia Palermo, Carlos Horacio"]
[Result "0-1"]
[ECO "E17"]
[WhiteElo "2470"]
[BlackElo "2407"]
[Annotator "TA"]
[PlyCount "82"]
[EventDate "2024.04.07"]
[EventType "team-tourn"]
[EventCountry "ITA"]
[SourceTitle "playchess.com"]
[Source "ChessBase"]
[SourceQuality "1"]
[TimeControl "40/5400+30:900+30"]

1. d4 Nf6 2. c4 e6 3. Nf3 b6 4. g3 Bb7 5. Bg2 Be7 6. O-O O-O 7. h4 Na6 8. a3 c5 9. d5 {[%emt 0:01:48] The position is equal.} exd5 10. Nh2 Nc7 11. Nc3 {[%emt 0:00:30][%cal Rc4d5] [#]} b5 $1 12. Nxd5 Bxd5 ({Black should play} 12... Rb8 $11) 13. cxd5 $14 d6 14. e4 a5 (14... Re8 $14) 15. g4 $1 $16 Nd7 16. g5 c4 17. f4 Nc5 18. f5 (18. Be3 $16) 18... Nb3 $14 19. Rb1 (19. f6 {keeps more tension.} gxf6 20. Ng4 fxg5 21. Be3) 19... Nxc1 20. Rxc1 f6 21. g6 Qe8 22. gxh7+ Kh8 23. Qg4 ({Better is} 23. Nf3 $1 $16) 23... Na6 $11 24. Rf3 Ra7 {[%emt 0:01:00][%cal Oa6c5][%mdl 1024] Black has compensation.} 25. Nf1 Bd8 26. Kh1 Nc5 27. Ng3 Nd3 28. Rxd3 cxd3 29. Nh5 (29. Rc6 $142) 29... Bb6 $1 $17 (29... Kxh7 $6 30. Nf4 $15) 30. Nf4 Be3 $1 {[%emt 0:00:23] The board is on fire.} (30... Kxh7 31. Rc6 Be3 32. Nxd3 $15) 31. Ng6+ {[%emt 0:00:33] [#]} Kxh7 (31... Qxg6 $1 $17 32. fxg6 Bxc1) 32. Rc3 (32. Nxf8+ $11 Qxf8 33. Rc6) 32... Rff7 33. Rxd3 {[%emt 0:00:03] [#]} Bh6 34. e5 fxe5 (34... dxe5 35. d6 $11) 35. f6 Rxf6 {[%emt 0:01:10] ...e4 is the strong threat.} 36. Be4 Rc7 (36... Rxg6 37. Rg3 Kg8 38. Bxg6 $14 (38. Qxg6 Qxg6 39. Rxg6 Bc1 $15)) 37. Rf3 Rxf3 $1 (37... Rxg6 38. h5 Rc1+ 39. Kg2 $16) 38. Qxf3 Kg8 {[%emt 0:01:32] ...Rf7 would now be deadly.} 39. Qg4 Rc4 {[%emt 0:05:58] And now ...Bc1 would win.} 40. Qf5 $2 (40. b3 $17 Rxe4 41. Qxe4) 40... Qf7 $19 41. Qh3 Rc1+ {[%emt 0:02:00] Weighted Error Value: White=0.47/Black=0.08 (flawless) .  Loses game:     	White=1     	---        Mistake:       	White=4     	Black=3      Inaccurate:     	White=4     	Black=1      OK:         	White=9     	Black=17     Best:        	White=6     	Black=4      Strong:       	White=1     	Black=3      Brilliant:      	---       	Black=1} ({And not} 41... Rxe4 42. Qc8+ Kh7 43. Nf8+ Kh8 44. Ng6+ Kh7 45. Nf8+ Kh8 46. Ng6+ Kh7 $11) 0-1

[Event "CIS Master Groups 2024"]
[Site "Vasto"]
[Date "2024.04.08"]
[Round "1.17"]
[White "Mastrovasilis, Dimitrios"]
[Black "Stella, Andrea"]
[Result "1-0"]
[ECO "B52"]
[WhiteElo "2576"]
[BlackElo "2403"]
[Annotator "TA"]
[PlyCount "139"]
[EventDate "2024.04.07"]
[EventType "team-tourn"]
[EventCountry "ITA"]
[SourceTitle "playchess.com"]
[Source "ChessBase"]
[SourceQuality "1"]
[TimeControl "40/5400+30:900+30"]

1. e4 c5 2. Nf3 d6 3. Bb5+ Bd7 4. Bxd7+ Qxd7 5. O-O Nf6 6. Qe2 Nc6 7. c3 e6 8. d4 cxd4 9. cxd4 d5 10. e5 Ne4 11. Nbd2 Nxd2 12. Bxd2 Bb4 13. Bf4 Rc8 14. h4 h6 15. Rfd1 Ne7 16. h5 Qc6 17. Rac1 Qa6 18. Qxa6 bxa6 19. Bd2 Rxc1 20. Rxc1 Bxd2 21. Nxd2 Kd7 22. Nb3 Rb8 23. Rc3 a5 24. Kf1 Kd8 25. Rc2 a4 26. Nc1 Nf5 27. Ne2 Rb4 28. Rd2 Kd7 29. Ke1 Nh4 30. Kf1 Nf5 (30... a3 $5 31. b3 $8 g6 $15) 31. a3 Rc4 $1 32. Ke1 Nh4 33. Kf1 Nf5 34. g4 Ne7 35. Ke1 g6 36. hxg6 fxg6 37. f3 h5 38. Kf2 hxg4 39. fxg4 Nc6 40. Ke3 Na5 (40... g5 $11) 41. Kf4 $16 Nb3 42. Rd3 Nc5 $2 (42... Rc2 $16 43. Nc3 Nc1 (43... Rxb2 $2 44. Nxa4 Rd2 45. Nc5+ Kc6 46. Rxd2 $18)) 43. Rc3 $18 Rxc3 (43... g5+ $142 44. Ke3 (44. Kxg5 $2 {is the wrong capture.} Ne4+ 45. Kh6 Nxc3 $19) 44... Nb3) 44. Nxc3 $18 Nb3 45. Ke3 (45. Nxa4 Nxd4 46. Nc5+ Ke7 $14) 45... Kc6 (45... g5 {was called for.} 46. Nxa4 Kc6) 46. g5 $18 ({Worse is} 46. Nxa4 Kb5 47. Nc3+ Kc4 $11) 46... Na5 47. Kd3 ({Weaker is} 47. Nxa4 Kb5 48. Nc5 Kc4 49. Nxe6 Nc6 $18) 47... Kd7 (47... Nb7 $142 48. Nxa4 a5) 48. Nxa4 $18 Nc4 49. Nc5+ Ke7 50. Kc3 Ne3 51. Nd3 Kf7 52. Nf2 Ke7 53. b3 Ng2 54. Nh3 Nh4 55. Kb4 $2 (55. Nf4 Kf7 56. b4) 55... Nf3 $18 56. Kc3 ({Better is} 56. Nf4 $16) 56... Kd7 $2 (56... Nh4 $1 $11 57. Nf4 Kf7) 57. Kd3 Ke7 58. b4 Ne1+ 59. Kc3 Nf3 60. b5 Nh4 61. a4 Nf3 62. a5 Kd7 63. Kd3 Ne1+ 64. Kd2 Nf3+ 65. Ke3 Nh4 66. Nf4 Nf5+ 67. Kd3 Nh4 68. Nxe6 Kxe6 69. b6 axb6 70. a6 1-0

[Event "CIS Master Groups 2024"]
[Site "Vasto"]
[Date "2024.04.08"]
[Round "1.18"]
[White "Dardha, Daniel"]
[Black "David, Alberto"]
[Result "1-0"]
[ECO "E11"]
[WhiteElo "2630"]
[BlackElo "2512"]
[Annotator "TA"]
[PlyCount "73"]
[EventDate "2024.04.07"]
[EventType "team-tourn"]
[EventCountry "ITA"]
[SourceTitle "playchess.com"]
[Source "ChessBase"]
[SourceQuality "1"]
[TimeControl "40/5400+30:900+30"]

1. d4 Nf6 2. c4 e6 3. g3 d5 4. Bg2 Bb4+ 5. Bd2 Be7 6. Nf3 c6 7. Qc2 O-O 8. O-O Nbd7 9. a4 a5 10. Rc1 Ne4 11. Ne1 {[%emt 0:05:52] The position is equal.} f5 12. Nd3 Bd6 13. Bf4 Bxf4 14. Nxf4 Ndf6 15. Nd3 Ng4 16. h3 ({White should try} 16. e3 $14) 16... Nh6 ({Black should play} 16... Ne3 $1 $11 17. fxe3 Qg5) 17. Nd2 Nf7 18. Nf3 {[%emt 0:04:40] Black is now going downhill.} Ned6 19. c5 Ne4 20. e3 Neg5 21. Nxg5 Qxg5 22. b4 axb4 23. Rcb1 Qf6 24. f4 ({Don't take} 24. Rxb4 e5 $14) 24... g5 25. Rxb4 Kh8 26. a5 Rg8 27. Qf2 {[%emt 0:00:35] White is more active.} Qg7 28. Kh2 Ra7 29. Rb6 Bd7 30. a6 bxa6 31. Raxa6 Rxa6 32. Rxa6 h6 33. Nb4 gxf4 (33... Rc8 $142 34. Ra7 Be8) 34. exf4 $18 Rc8 (34... Nd8 {is a better defense.} 35. Ra7 Re8) 35. Ra7 Be8 {[%emt 0:00:09] Black is weak on the dark squares} 36. Qe3 Qf6 37. Na6 {[%emt 0:00:11] Weighted Error Value: White=0.12 (very precise) /Black=0.22 (precise) .  Mistake:       	White=1     	Black=3      Inaccurate:     	---       	Black=3      OK:         	White=12    	Black=5} 1-0

[Event "CIS Master Groups 2024"]
[Site "Vasto"]
[Date "2024.04.08"]
[Round "1.20"]
[White "Ladron De Guevara Pinto, Paolo"]
[Black "Collutiis, Duilio"]
[Result "1/2-1/2"]
[ECO "A50"]
[WhiteElo "2394"]
[BlackElo "2334"]
[Annotator "RC"]
[PlyCount "62"]
[EventDate "2024.04.07"]
[EventType "team-tourn"]
[EventCountry "ITA"]
[SourceTitle "playchess.com"]
[Source "ChessBase"]
[SourceQuality "1"]
[TimeControl "40/5400+30:900+30"]

1. d4 Nf6 2. c4 Nc6 3. Nc3 e5 4. d5 Ne7 5. e4 d6 6. h4 g6 7. Be2 h5 8. Bg5 Nfg8 9. Qd2 Bh6 10. O-O-O f6 11. Bxh6 Nxh6 12. Bd3 Nf7 13. Nge2 c5 14. dxc6 bxc6 15. c5 Be6 16. cxd6 Qxd6 17. Bc2 Qxd2+ 18. Rxd2 Rd8 19. Rhd1 Rxd2 20. Rxd2 O-O 21. Na4 Rd8 22. Nc5 Bg4 23. f3 Bc8 24. Bb3 Kf8 25. Rxd8+ Nxd8 26. Kd2 Kg7 27. Nc1 g5 28. hxg5 fxg5 29. N1d3 Kf6 30. Ke3 Ng6 31. Bc4 Ke7 1/2-1/2

[Event "CIS Master Groups 2024"]
[Site "Vasto"]
[Date "2024.04.08"]
[Round "1.21"]
[White "Moroni, Luca Jr"]
[Black "Fier, Alexandr"]
[Result "1/2-1/2"]
[ECO "A04"]
[WhiteElo "2580"]
[BlackElo "2566"]
[Annotator "TA"]
[PlyCount "85"]
[EventDate "2024.04.07"]
[EventType "team-tourn"]
[EventCountry "ITA"]
[SourceTitle "playchess.com"]
[Source "ChessBase"]
[SourceQuality "1"]
[TimeControl "40/5400+30:900+30"]

1. Nf3 Nf6 2. g3 c5 3. Bg2 Nc6 4. O-O e5 5. e4 d6 6. Nc3 g6 7. d3 Bg7 8. Nd2 O-O 9. Nc4 Bg4 10. f3 Be6 11. Ne3 d5 12. exd5 Nxd5 13. Nexd5 Bxd5 14. Nxd5 Qxd5 15. f4 Qd4+ 16. Kh1 exf4 17. c3 Qd7 18. Bxf4 Rad8 19. Bg5 Rde8 20. Qd2 Nd8 21. Be3 {[%emt 0:06:50] This pair of bishops is nice.} Ne6 22. Rad1 Rd8 23. d4 cxd4 24. cxd4 Bxd4 ({Much worse is} 24... Nxd4 $6 25. Rf4 $16) 25. Qb4 {[%emt 0:02:57] Dodges Qb5} Qd6 26. Qxb7 Qb6 27. Qxb6 axb6 28. Bc1 Rd6 29. b3 Rfd8 30. Bf3 Kg7 31. Be2 Bc3 32. Rxd6 Rxd6 33. Bc4 Rd7 34. Kg2 Nc5 35. g4 Ne4 36. Bf4 Bd2 {[%emt 0:04:59] The position is equal.} 37. Kf3 Bxf4 38. Kxf4 $11 {[%emt 0:00:03] KRB-KRN} Nc3 39. a3 b5 40. Rc1 bxc4 41. Rxc3 cxb3 42. Rxb3 Rd4+ 43. Kg3 {[%emt 0:00:34] Weighted Error Value: White=0.03 (flawless) /Black=0.02 (flawless) .  Inaccurate:     	White=1     	---        OK:         	White=21    	Black=21     Best:        	White=1     	---} 1/2-1/2

[Event "CIS Master Groups 2024"]
[Site "Vasto"]
[Date "2024.04.08"]
[Round "1.23"]
[White "Borgo, Giulio"]
[Black "Godena, Michele"]
[Result "1/2-1/2"]
[ECO "C78"]
[WhiteElo "2309"]
[BlackElo "2429"]
[Annotator "TA"]
[PlyCount "22"]
[EventDate "2024.04.07"]
[EventType "team-tourn"]
[EventCountry "ITA"]
[SourceTitle "playchess.com"]
[Source "ChessBase"]
[SourceQuality "1"]
[TimeControl "40/5400+30:900+30"]

1. e4 e5 2. Nf3 Nc6 3. Bb5 a6 4. Ba4 Nf6 5. O-O b5 6. Bb3 Bc5 7. a4 Rb8 8. axb5 axb5 9. d3 d6 {[%emt 0:02:14] The position is equal.} 10. Be3 Bxe3 11. fxe3 O-O {[%emt 0:00:03] A rather calm draw.   OK:         	---       	Black=2} 1/2-1/2

[Event "CIS Master Groups 2024"]
[Site "Vasto"]
[Date "2024.04.08"]
[Round "1.24"]
[White "Bellia, Fabrizio"]
[Black "Podetti, Davide"]
[Result "1-0"]
[ECO "C68"]
[WhiteElo "2384"]
[BlackElo "2280"]
[Annotator "RC"]
[PlyCount "91"]
[EventDate "2024.04.07"]
[EventType "team-tourn"]
[EventCountry "ITA"]
[SourceTitle "playchess.com"]
[Source "ChessBase"]
[SourceQuality "1"]
[TimeControl "40/5400+30:900+30"]

1. e4 e5 2. Nf3 Nc6 3. Bb5 a6 4. Bxc6 dxc6 5. O-O Qf6 6. d4 exd4 7. Bg5 Qd6 8. Nxd4 c5 9. Ne2 Qxd1 10. Rxd1 Bd7 11. Nbc3 Bd6 12. Nd5 Bc6 13. Rd2 Bxd5 14. Rxd5 h6 15. Bh4 g5 16. Bg3 Nf6 17. Rd3 Bxg3 18. Nxg3 Rd8 19. Rad1 Rxd3 20. Rxd3 Ke7 21. f3 Ke6 22. Kf2 h5 23. Nf5 b6 24. h4 g4 25. Ng7+ Ke7 26. e5 Ne8 27. Nxe8 Rxe8 28. fxg4 hxg4 29. Kg3 Rg8 30. Kf4 Ke6 31. c4 a5 32. a4 Rh8 33. g3 Rh5 34. Re3 Rf5+ 35. Kxg4 Rf1 36. h5 Rh1 37. Kg5 Rh3 38. b3 Ke7 39. Kg4 Rh1 40. Rf3 Rh2 41. Rf1 Rb2 42. h6 Rh2 43. Rf6 Re2 44. Rf5 Re4+ 45. Kf3 Re1 46. Rh5 1-0

[Event "CIS Master Groups 2024"]
[Site "Vasto"]
[Date "2024.04.09"]
[Round "2.1"]
[White "Saric, Ivan"]
[Black "Chatalbashev, Boris"]
[Result "1/2-1/2"]
[ECO "B06"]
[WhiteElo "2670"]
[BlackElo "2451"]
[Annotator "TA"]
[PlyCount "110"]
[EventDate "2024.04.07"]
[EventType "team-tourn"]
[EventCountry "ITA"]
[SourceTitle "playchess.com"]
[Source "ChessBase"]
[SourceQuality "1"]
[TimeControl "40/5400+30:900+30"]

1. e4 g6 2. d4 Bg7 3. Nc3 d6 4. Be3 a6 5. h4 h5 6. Qd2 {[%emt 0:01:05] B06: Modern Defence.} b5 7. O-O-O Nf6 8. f3 c6 {[%emt 0:00:29] 8...b4 might become the main line.} 9. Kb1 Qc7 10. Bf4 b4 11. Na4 a5 12. g3 $146 ({Predecessor:} 12. Bc4 Ba6 13. Bb3 Nbd7 14. Nh3 O-O 15. Bh6 c5 16. Bxg7 Kxg7 17. c4 bxc3 18. Qxc3 {1-0 Leko,P (2693)-Saric,I (2652) EU-ch blitz Tallinn 2016 (26)}) 12... Ba6 13. Nh3 Bb5 14. Nc5 Qa7 15. Bxb5 cxb5 16. Nb3 Nbd7 17. d5 Nb6 18. Be3 a4 19. Bxb6 Qxb6 20. Nd4 b3 21. Nc6 (21. a3 $11 {keeps the balance.}) 21... Nd7 ({Black should play} 21... bxa2+ $17 22. Kxa2 Nd7) 22. cxb3 axb3 23. a3 $1 Ne5 24. Nxe5 $1 Bxe5 25. Nf4 (25. f4 $11 {deserves consideration.} Bg7 26. Rhe1) 25... b4 26. Qxb4 Qxb4 27. axb4 Ra4 28. Rhe1 Kd7 (28... Rxb4 29. Nd3 Rb7 30. Nxe5 dxe5 31. Rc1 $11) (28... O-O $15 29. Re3 (29. b5 $2 Rfa8 $19) 29... Rxb4) 29. Re3 $1 $11 Rxb4 30. Nd3 Bd4 31. Nxb4 Bxe3 32. Rd3 Bf2 33. f4 (33. Rxb3 $2 Rb8 (33... Bxg3 34. Nc6 $17) 34. Ka2 (34. f4 $2 Bc5 $19) 34... Bxg3 $19) 33... Rb8 34. Nc6 $1 (34. Rxb3 $2 {perishes.} Bc5 35. Kc2 Rxb4 $19 (35... Bxb4 $2 36. f5 $19)) 34... Rb5 35. Kc1 (35. Rf3 $1 $11 Bg1 36. f5) 35... e6 $15 36. Nd4 $1 Rb4 37. dxe6+ fxe6 38. Nxb3 Rxe4 39. Kd2 Ke7 40. Nc1 Kf6 41. Ne2 d5 42. Rf3 (42. Nc3 $1 $15 Rb4 43. b3) 42... Bc5 $17 43. Rb3 Kf5 44. Rb8 (44. Nc3 $17 Rd4+ 45. Ke2) 44... Kg4 $19 45. Rg8 Kf3 46. Nc3 {[%emt 0:00:00] [#]} Rb4 (46... Bb4 $1 $19 {And now ...d4 would win.} 47. Kd3 Bxc3 48. bxc3 Kxg3 49. Rxg6+ Kxh4 (49... Kxf4 $2 50. Kd2 $19)) 47. Kc2 $17 Kxg3 (47... Bf2 $17) 48. Rxg6+ $11 Kxh4 49. Rxe6 Rxf4 50. Nxd5 Rf5 51. Nf6 Kg5 52. Ne4+ $1 Kf4 53. Nxc5 Rxc5+ 54. Kd3 h4 55. Rh6 Kg3 1/2-1/2

[Event "CIS Master Groups 2024"]
[Site "Vasto"]
[Date "2024.04.09"]
[Round "2.3"]
[White "Massironi, Marco"]
[Black "Lezzerini, Marco"]
[Result "1-0"]
[ECO "A35"]
[WhiteElo "2181"]
[BlackElo "2110"]
[Annotator "RC"]
[PlyCount "67"]
[EventDate "2024.04.07"]
[EventType "team-tourn"]
[EventCountry "ITA"]
[SourceTitle "playchess.com"]
[Source "ChessBase"]
[SourceQuality "1"]
[TimeControl "40/5400+30:900+30"]

1. c4 c5 2. Nc3 Nc6 3. Nf3 g6 4. e3 Nf6 5. d4 cxd4 6. exd4 d5 7. cxd5 Nxd5 8. Qb3 e6 9. Bb5 Bg7 10. Bg5 Qb6 11. Qa3 f6 12. Nxd5 exd5 13. Bxc6+ bxc6 14. O-O Kf7 15. Rfe1 Bf8 16. Qe3 fxg5 17. Qe8+ Kg7 18. Re7+ Bxe7 19. Qxe7+ Kg8 20. Qe8+ Kg7 21. Qe7+ Kg8 22. Nxg5 Qb7 23. Qe8+ Kg7 24. Qe5+ Kh6 25. Qf6 Rf8 26. Qxf8+ Kxg5 27. f4+ Kh5 28. Qf6 Kh6 29. Re1 Qb4 30. Qh4+ Kg7 31. Re7+ Qxe7 32. Qxe7+ Kh6 33. Qf8+ Kh5 34. h3 1-0

[Event "CIS Master Groups 2024"]
[Site "Vasto"]
[Date "2024.04.09"]
[Round "2.5"]
[White "Fier, Alexandr"]
[Black "Favaloro, Andrea"]
[Result "1/2-1/2"]
[ECO "D41"]
[WhiteElo "2566"]
[BlackElo "2412"]
[Annotator "TA"]
[PlyCount "64"]
[EventDate "2024.04.07"]
[EventType "team-tourn"]
[EventCountry "ITA"]
[SourceTitle "playchess.com"]
[Source "ChessBase"]
[SourceQuality "1"]
[TimeControl "40/5400+30:900+30"]

1. d4 d5 2. c4 e6 3. Nf3 Nf6 4. Nc3 c5 5. cxd5 Nxd5 6. e4 Nxc3 7. bxc3 cxd4 8. cxd4 Bb4+ 9. Bd2 Bxd2+ 10. Qxd2 O-O 11. Bc4 Nd7 12. O-O b6 13. Rad1 Bb7 14. Rfe1 Rc8 15. Bb3 Re8 16. Re3 Nf6 17. d5 exd5 18. e5 Ne4 19. Qe1 {[%emt 0:00:04] [#] Hoping for Rxe4.} Qe7 20. Nd4 Qc5 (20... Qxe5 $6 21. f3 $16) 21. e6 fxe6 22. Rxe4 dxe4 23. Nxe6 Qe7 {[%emt 0:20:02] [#] ...Kh8 would now be deadly.} 24. Ng5+ Kh8 25. Nf7+ Kg8 26. Qe3 {[%emt 0:03:36] Intending Ne5+ and mate.} Rc5 {[%emt 0:49:02] And now ...Kf8 would win.} 27. f4 (27. Nd6+ $11 Kh8 28. Nxe8 Qxe8 29. h4) 27... Bc8 ({Inferior is} 27... exf3 28. Qxe7 (28. Ng5+ Bd5 $16) 28... f2+ 29. Kh1 (29. Kxf2 Rc2+ 30. Kg3 Rxg2+ 31. Kh3 Bc6 32. Rd8 Bd7+ 33. Qxd7 Rxh2+ 34. Kxh2 h6 35. Ng5+ Kh8 36. Rxe8#) 29... Bxg2+ 30. Kxg2 f1=B+ 31. Rxf1 (31. Kxf1 Rf8 32. Kg2 Rf5 33. Nh6+ Kh8 34. Nxf5 Rg8 35. Bxg8 Kxg8 36. Qxg7#) (31. Kxf1 Rf8 32. Kg2 Rf5 33. Nd6+ Kh8 34. Nxf5 Rg8 35. Bxg8 Kxg8 36. Qxg7#)) (27... Rf8 $17 28. Rd7 Qxd7 29. Ne5+ Qd5) 28. Nd6+ {[%emt 0:03:16] The position is equal.} Kf8 29. Nxe8 Qxe8 30. h3 Be6 31. Rd4 Bxb3 32. axb3 Rc7 {[%emt 0:00:39] A balanced but interesting game.   Weighted Error Value: White=0.10 (very precise) /Black=0.09 (flawless) .  Mistake:       	White=1     	Black=1      OK:         	White=8     	Black=7      Best:        	White=1     	Black=3} 1/2-1/2

[Event "CIS Master Groups 2024"]
[Site "Vasto"]
[Date "2024.04.09"]
[Round "2.6"]
[White "Iturrizaga Bonelli, Eduardo"]
[Black "Iermito, Sebastian"]
[Result "1/2-1/2"]
[ECO "A37"]
[WhiteElo "2589"]
[BlackElo "2511"]
[Annotator "TA"]
[PlyCount "141"]
[EventDate "2024.04.07"]
[EventType "team-tourn"]
[EventCountry "ITA"]
[SourceTitle "playchess.com"]
[Source "ChessBase"]
[SourceQuality "1"]
[TimeControl "40/5400+30:900+30"]

1. c4 c5 2. Nc3 Nc6 3. Nf3 e5 4. g3 g6 5. Bg2 Bg7 6. O-O d6 7. a3 a5 8. d3 Nge7 9. Ne1 Be6 10. Bg5 f6 11. Bd2 O-O 12. Nd5 {[%emt 0:10:23] A37: Symmetrical English vs ...g6: 4 Bg2 Bg7 5 Nf3.} Bf7 13. Nxe7+ Qxe7 14. Nc2 a4 15. Ne3 Nd4 16. Nd5 Qd8 17. Bc3 $146 ({Predecessor:} 17. b4 axb3 18. e3 Nc2 19. Rb1 Rxa3 20. Bc1 Ra7 21. Rxb3 Nb4 22. Nxb4 cxb4 23. Rxb4 {1-0 Shahinyan,D (2456)-Torosyan,N (2374) ARM-ch 1st League 82nd 2021 (2)}) 17... Nb3 18. Rb1 Rb8 19. e3 f5 20. Qc2 Kh8 21. f4 Bxd5 22. Bxd5 Qe7 23. Rbe1 exf4 24. gxf4 Rbe8 25. Rf3 Bf6 26. Rg3 Qg7 27. h4 Bxc3 28. Qxc3 Re7 29. h5 Qxc3 30. bxc3 Kg7 31. Kf2 Kf6 32. Reg1 $1 Rg7 33. e4 fxe4 (33... Re8 $142 34. Ke3 Na5) 34. dxe4 $18 Na5 35. f5 Ke5 $2 (35... g5 36. h6 Rgg8) 36. hxg6 hxg6 37. Rxg6 Rxg6 38. Rxg6 Rf6 39. Rg7 (39. Rg4 $142) 39... Kf4 $18 40. Rh7 (40. Bxb7 Nxb7 41. Rxb7 Kxe4 $11) 40... Nc6 {[%emt 0:01:32] [#]} 41. Bxc6 $1 ({Less strong is} 41. Rxb7 Ne5 $16) 41... bxc6 42. Rh4+ Ke5 43. Ke3 d5 44. cxd5 cxd5 {[%emt 0:00:00] [#]} 45. exd5 $2 (45. Kd3 $1 $18) 45... Rxf5 $11 46. c4 Rg5 47. Rh3 Rg1 48. Rh5+ Kd6 49. Rh6+ Ke5 $1 50. Re6+ Kf5 51. Kd2 Rg2+ 52. Re2 Rg3 53. Re3 Rg2+ 54. Kd1 Rg1+ 55. Ke2 Rg2+ 56. Kd1 Rg1+ 57. Kd2 Rg2+ 58. Ke1 Rg1+ 59. Kf2 Rc1 60. Rd3 Rxc4 61. d6 Rf4+ 62. Ke3 (62. Kg3 $5 Rg4+ $8 63. Kf2 $11 (63. Kf3 Rg8 $11)) 62... Re4+ 63. Kd2 Re8 $1 64. Kc3 (64. d7 $5 Rd8 $8 65. Rd5+ Ke4 (65... Ke6 66. Rxc5 Rxd7+ 67. Kc3 $11) 66. Rxc5 $11) 64... Ke6 65. Re3+ (65. d7 $5 Rd8 $8 66. Rg3 $11) 65... Kd7 66. Rxe8 Kxe8 67. Kc4 Kd7 68. Kxc5 Kd8 69. Kc6 (69. Kd5 $5) 69... Kc8 70. d7+ Kd8 71. Kd6 1/2-1/2

[Event "CIS Master Groups 2024"]
[Site "Vasto"]
[Date "2024.04.09"]
[Round "2.7"]
[White "Godena, Michele"]
[Black "Bifulco, Michel"]
[Result "1-0"]
[ECO "B22"]
[WhiteElo "2429"]
[BlackElo "2303"]
[Annotator "TA"]
[PlyCount "59"]
[EventDate "2024.04.07"]
[EventType "team-tourn"]
[EventCountry "ITA"]
[SourceTitle "playchess.com"]
[Source "ChessBase"]
[SourceQuality "1"]
[TimeControl "40/5400+30:900+30"]

1. e4 c5 2. c3 d5 3. exd5 Qxd5 4. d4 Nc6 5. Nf3 Bf5 6. Be3 Nf6 7. Bb5 cxd4 8. c4 Qd6 {[%emt 0:02:21] The position is equal.} 9. Qxd4 Qxd4 10. Nxd4 Bd7 11. Nc3 (11. Nxc6 $14 bxc6 12. Ba4) 11... Ng4 $11 12. Bxc6 bxc6 13. Bd2 O-O-O 14. Nf3 {[%emt 0:02:38] Inhibits Ne5.} g6 15. h3 Nh6 16. Be3 {[%emt 0:11:49] Black is weak on the dark squares} Kb8 17. O-O-O {[%emt 0:02:50] White is much more active. The black rooks are passive.} Nf5 $2 {[%emt 0:08:38] [#] This costs Black the game.} (17... Bg7 $16) 18. Ne5 $1 $18 Nxe3 19. fxe3 (19. Nxd7+ Kc7 20. fxe3 Rxd7 $16) (19. Rxd7 Rxd7 20. Nxd7+ Kc7 $18) 19... Kc7 20. Nxf7 {[%emt 0:00:22] Excellent horsemanship.} Bg7 21. Rhf1 Rb8 22. Nxh8 Rxh8 23. Ne4 Bf5 24. Nc5 Kb6 25. b4 {[%emt 0:00:37] White is clearly winning.} a5 26. a3 axb4 27. axb4 Ra8 {[%emt 0:00:05] [#] Strongly threatening ...Ra1+.} 28. e4 Ra1+ 29. Kc2 Ra2+ 30. Kb3 {[%emt 0:00:11] Weighted Error Value: White=0.03 (flawless) /Black=0.38.  Loses game:     	---       	Black=1      Mistake:       	White=1     	---        Inaccurate:     	---       	Black=5      OK:         	White=13    	Black=8      Best:        	White=2     	---} 1-0